 Dungeon Sprint DCSS version 0.21.0-24-g2553a33 (webtiles) character file.

28 letownia2 the Ruffian (level 2, -6/29 HPs)
             Began as a Troll Wizard on Jan 20, 2018.
             Mangled by a wolf (7 damage)
             ... in the Dungeon (Sprint III: "The Ten Rune Challenge").
             The game lasted 00:01:12 (110 turns).

letownia2 the Ruffian (Troll Wizard)                 Turns: 110, Time: 00:01:13

Health: -6/29      AC:  5    Str: 14    XL:     2   Next: 96%
Magic:  4/4        EV:  9    Int: 14    God:
Gold:   0          SH:  0    Dex:  8    Spells: 4/5 levels left

rFire    . . .     SeeInvis .     - Unarmed
rCold    . . .     Gourm    +   (no shield)
rNeg     . . .     Faith    .   a - +0 robe
rPois    .         Spirit   .   b - +0 hat
rElec    .         Reflect  .   (no cloak)
rCorr    .         Harm     .   (gloves unavailable)
MR       .....     NoTele   +   (boots unavailable)
Stlth    +.........             (no amulet)
HPRegen  0.49/turn              (no ring)
MPRegen  0.09/turn              (no ring)

@: no status effects
A: large, unfitting armour, claws 3, fast metabolism 3, gourmand, regeneration
1, shaggy fur 1, tough skin 2
a: no special abilities


You were in the Dungeon.
You were very full.

You visited 1 branch

Inventory:

Armour
 a - a +0 robe (worn)
 b - a +0 hat (worn)
Scrolls
 j - a scroll of blinking
 k - a scroll of magic mapping {unknown}
Potions
 e - a potion of curing
 f - 2 potions of heal wounds
 g - a potion of haste
 h - 2 potions of magic
 i - a potion of berserk rage
Books
 c - a book of Minor Magic

   Spells                             Type                      Level
   a - Magic Dart                     Conjuration                  1
   b - Blink                          Translocation                2
   c - Call Imp                       Summoning                    2
   d - Slow                           Hexes                        2
   e - Conjure Flame                  Conjuration/Fire             3
   f - Mephitic Cloud                 Conjuration/Poison/Air       3
Comestibles
 d - 2 rations


   Skills:
 - Level 2.5 Fighting
 - Level 1.5 Dodging
 - Level 1.0 Stealth
 + Level 4.6 Unarmed Combat
 + Level 2.0 Spellcasting
 - Level 0.6 Conjurations
   Level 0.6 Summonings
   Level 0.6 Translocations


You had 4 spell levels left.
You knew the following spells:

 Your Spells              Type           Power        Failure   Level  Hunger
a - Magic Dart            Conj           #...         19%         1    ##.....


Dungeon Overview and Level Annotations

Branches:
Dungeon (1/1)

Altars:


Innate Abilities, Weirdness & Mutations

You are too large for most types of armour.
You have claws for hands.
Your metabolism is lightning-fast.
You like to eat raw meat.
Your natural rate of healing is unusually fast.
You are covered in fur. (AC +1)
You have very tough skin. (AC +2)


Message History

There is an open door here.
A wolf is nearby!
You closely miss the wolf. The wolf bites you but does no damage.
The wolf bites you!
You closely miss the wolf. Your claw misses the wolf. The wolf bites you.
You miss the wolf. The wolf barely misses you. The wolf bites you.
You miss the wolf. The wolf bites you but does no damage.
You scratch the wolf but do no damage. The wolf bites you. The wolf bites you!
You closely miss the wolf. The wolf bites you.
* * * LOW HITPOINT WARNING * * *
You closely miss the wolf. The wolf bites you.
* * * LOW HITPOINT WARNING * * *
The wolf closely misses you.
Unknown command.
You claw the wolf!
The wolf is severely wounded.
The wolf bites you.
* * * LOW HITPOINT WARNING * * *
The wolf bites you!
You die...

▓#'####
▓.....#
▓÷....#...≈≈♣.
▓..)..#..≈≈≈≈.
▓####'#..≈≈≈≈≈
▓.....#.≈≈≈≈≈≈
▓.....#.≈≈≈p≈.
▓.....#.≈h≈...
▓@#####.......
▓.h...........
▓▓▓▓▓▓▓▓▓▓▓▓▓▓


You could see a wolf.

Vanquished Creatures
  Jessica (D)
  3 rats (D)
4 creatures vanquished.

Vanquished Creatures (others)
  2 hellions (D)
  A yaktaur (D)
  A plant (D)
4 creatures vanquished.

Grand Total: 8 creatures vanquished

Notes
Turn   | Place    | Note
-------+----------+-------------------------------------------
     0 | D        | letownia2 the Troll Wizard began the quest for the Orb.
     0 | D        | Reached XP level 1. HP: 16/16 MP: 2/2
     4 | D        | Reached skill level 1 in Unarmed Combat
    24 | D        | Noticed Jessica
    58 | D        | Killed Jessica
    58 | D        | Reached skill level 4 in Unarmed Combat
    58 | D        | Reached XP level 2. HP: 16/29 MP: 4/4
    63 | D        | Killed a yaktaur
    75 | D        | Killed a hellion
    76 | D        | Killed a hellion
   110 | D        | HP: 1/29 [wolf (2)]
   110 | D        | Mangled by a wolf

Skill      XL: |  1 |
---------------+----+-----
Unarmed Combat | 4 |  4.6
Fighting       | 2 |  2.5
Dodging        | |  1.5
Stealth        | |  1.0
Spellcasting   | |  2.0
Conjurations   | |  0.6
Summonings     | |  0.6
Translocations | |  0.6

Action                   || total
-------------------------++-------
Melee: Unarmed           ||    27
  Eat: Chunk             ||     6
Armor: Robe              ||    19
Dodge: Dodged            ||    21
